 Dungeon Crawl Stone Soup version 0.28.0-53-g5a82cb258f (webtiles) character file.

Game seed: 5239328220551135579

14821 Holzbalken the Severer (level 11, -3/84 HPs)
             Began as a Demonspawn Gladiator on June 1, 2022.
             Was a Priest of Qazlal.
             Shot with an arrow by a centaur warrior (6 damage)
             ... on level 12 of the Dungeon.
             The game lasted 00:34:53 (13016 turns).

Holzbalken the Severer (Demonspawn Gladiator)      Turns: 13016, Time: 00:34:54

Health: -3/84      AC: 17    Str: 22    XL:     11   Next: 93%
Magic:  2/2        EV:  8    Int: 11    God:    Qazlal [***...]
Gold:   320        SH:  8    Dex: 14    Spells: 10/10 levels left

rFire   + + .      SeeInvis +   a - +1 war axe
rCold   x . .      Faith    .   (no shield)
rNeg    . . .      Spirit   .   s - +8 chain mail of Pleasant Breezes {rF+ MP-9 Str+4 Stlth+}
rPois   .          Reflect  .   D - +0 mask of the Dragon {Will+ Slay+3 SInv}
rElec   .          Harm     .   (no cloak)
rCorr   .          Rampage  .   (gloves unavailable)
Will    ++...                   l - +0 pair of boots
Stlth   ..........              (no amulet)
HPRegen 0.24/turn               p - ring of fire
MPRegen 0.08/turn               m - ring of willpower

@: no status effects
A: spiny 2, condensation shield, demonic touch 3
a: Renounce Religion, Upheaval, Elemental Force


You were on level 12 of the Dungeon.
You worshipped Qazlal.
Qazlal was most pleased with you.
You visited 2 branches of the dungeon, and saw 13 of its levels.
You also visited: Sewer.

You collected 939 gold pieces.
You spent 619 gold pieces at shops.

Inventory:

Hand Weapons
 a - a +1 war axe (weapon)
Missiles
 d - 4 throwing nets (quivered)
Armour
 l - a +0 pair of boots (worn)
 o - the +2 ring mail "Wurghoma" {Rampage rC+ rCorr SInv}
   (You found it on level 3 of the Dungeon)

   rC:        It protects you from cold.
   SInv:      It lets you see invisible.
   rCorr:     It protects you from acid and corrosion.
   Rampage:   It bestows one free step when moving towards enemies.
 s - the +8 chain mail of Pleasant Breezes (worn) {rF+ MP-9 Str+4 Stlth+}
   (You bought it in a shop on level 3 of the Dungeon)

   Str:       It affects your strength (+4).
   rF:        It protects you from fire.
   MP:        It affects your magic capacity (-9).
   Stlth:     It makes you more stealthy.
 v - a +0 tower shield
 D - the +0 mask of the Dragon (worn) {Will+ Slay+3 SInv}
   (You bought it in a shop on level 3 of the Dungeon)

   Slay:      It affects your accuracy & damage with ranged weapons and melee
   (+3).
   SInv:      It lets you see invisible.
   Will:      It increases your willpower.
Jewellery
 i - a ring of flight
 m - a ring of willpower (right hand)
 p - a ring of fire (left hand)
 u - a ring of see invisible
 F - a ring of protection from fire
 H - a +6 ring of intelligence
Wands
 k - a wand of charming (7)
 q - a wand of digging (7)
 w - a wand of paralysis (20)
 E - a wand of flame (14)
 J - a wand of acid (6)
Scrolls
 e - a scroll of noise
 f - a scroll of fear
 h - 3 scrolls of enchant weapon
 n - 5 scrolls of teleportation
 t - 2 scrolls of blinking
 y - 2 scrolls of amnesia
 z - a scroll of silence
 A - a scroll of fog
 C - a scroll of magic mapping
 I - a scroll of brand weapon {unknown}
Potions
 b - a potion of brilliance {unknown}
 c - a potion of invisibility {unknown}
 g - 2 potions of flight
 j - 2 potions of heal wounds
 r - 13 potions of degeneration
 x - 3 potions of curing
 B - a potion of mutation
 G - a potion of magic


   Skills:
 + Level 7.6 Fighting
 * Level 15.2 Axes
 - Level 1.7 Throwing
 - Level 2.6 Dodging
 + Level 6.6 Shields


You had 10 spell levels left.
You didn't know any spells.
Your spell library contained the following spells:

 Spells                   Type           Power      Damage    Failure   Level
 Shock                    Conj/Air       0%         1d3       98%         1
 Swiftness                Air            0%         N/A       100%        3
 Airstrike                Air            0%         N/A       100%        4
 Animate Armour           Summ/Erth      0%         N/A       100%        4
 Passage of Golubria      Tloc           0%         N/A       100%        4
 Blade Hands              Tmut           0%         N/A       100%        5
 Irradiate                Conj/Tmut      0%         3d13      100%        5
 Silence                  Hex/Air        0%         N/A       100%        5
 Iron Shot                Conj/Erth      0%         9d1       100%        6
 Dragon Form              Tmut           0%         N/A       100%        7
 Malign Gateway           Summ/Tloc      0%         N/A       100%        7
 Lehudib's Crystal Spear  Conj/Erth      0%         10d2      100%        8
 Summon Horrible Things   Summ           0%         N/A       100%        8


Dungeon Overview and Level Annotations

Branches:
Dungeon (12/15)            Temple (1/1) D:7            Lair (0/6) D:9
    Orc (0/2) D:10          Sewer (visited)

Altars:
Ashenzari
Cheibriados
Dithmenos
Elyvilon
Fedhas
Gozag
Hepliaklqana
Kikubaaqudgha
Makhleb
Nemelex Xobeh
Okawaru
Qazlal
Ru
Sif Muna
Trog
Uskayaw
Vehumet
Wu Jian
Xom
Yredelemnul
Zin
The Shining One

Shops:
D:3 ([***   D:10 !


Innate Abilities, Weirdness & Mutations

You are mostly covered in sharp spines.
A meltable shield of frost defends you. (SH +4)
Your touch may irresistibly damage your foes and sap their willpower.


Message History

The slime creature hits you.
The slime creature is struck by your spines.
The slime creature hits you but does no damage.
You hit the large slime creature.
The large slime creature is almost dead.
You slash the slime creature!
You kill the slime creature!
Qazlal accepts your kill.
You slash the slime creature!
A large slime creature splits.
You slash the slime creature!
You kill the slime creature!
Qazlal accepts your kill.
You barely miss the slime creature. You slash the slime creature!
You kill the slime creature!
Qazlal accepts your kill.
You slash the slime creature!
You kill the slime creature!
Qazlal accepts your kill.
You hear a shout!
A centaur warrior comes into view.
The centaur warrior wields a +0 longbow.
The centaur warrior shoots an arrow.
The arrow closely misses you.
The centaur warrior shoots an arrow.
The arrow hits you.
The centaur warrior shoots an arrow.
The arrow hits you!!
The centaur warrior shoots an arrow.
The arrow hits you.
The centaur warrior shoots an arrow.
You block the arrow.
The centaur warrior shoots an arrow.
The arrow hits you!!
A boulder beetle comes into view.
Found a stone staircase leading down.
The boulder beetle curls into a ball and begins rolling!
The centaur warrior shoots an arrow.
The arrow hits you!
* * * LOW HITPOINT WARNING * * *
The centaur warrior shoots an arrow.
You block the arrow.
The centaur warrior shoots an arrow.
The arrow hits you.
* * * LOW HITPOINT WARNING * * *
The centaur warrior shoots an arrow.
The arrow hits you!
* * * LOW HITPOINT WARNING * * *
The centaur warrior shoots an arrow.
You block the arrow.
The centaur warrior shoots an arrow.
The arrow hits you.
You die...

.........#.......))....## ##.[..#
#.......##...........#..###....##
###.....###..........##..........
####....##........#####..####†.
#####.....#........###.#.## ###
#........................#
#....................# ..
#.<..#..........○....## #.###
#....#..#.......@B...###....#
##...##.##........○°..#.....# .
#... ###.........○.°.#.....#. ..
#### ###.......§..°......>. ..
###..............##....
########..............°....
#..#..##.....).......## ...
##......#........c.#.####...
#..................####....#


You could see a boulder beetle (rolling) and a centaur warrior.

Vanquished Creatures
  3 boulder beetles
  2 two-headed ogres
  A deep elf pyromancer (D:7)
  2 manticores
  Maurice (D:8)
  Maggie (D:9)
  A gargoyle (D:11)
  Psyche (D:9)
  A kobold demonologist (D:10)
  An unseen horror (D:12)
  A rime drake (shapeshifter) (D:9)
  2 trolls
  8 slime creatures (D:12)
  Sigmund (D:3)
  2 vampires
  6 yaks
  A wraith (D:12)
  3 steam dragons
  4 acid dragons
  A sky beast (D:8)
  5 orc warriors
  A swamp drake (D:10)
  2 necrophages (D:4)
  An ice beast (D:6)
  3 ogres
  6 centaurs
  2 phantoms
  7 bullfrogs
  3 kobold brigands
  2 scorpions
  A wyvern skeleton (D:7)
  5 killer bees (D:10)
  3 howler monkeys
  3 bullfrog zombies
  3 centaur zombies
  A gnoll shaman (D:7)
  5 hounds
  7 orc priests
  2 centaur skeletons (D:4)
  An iguana (D:4)
  11 orc wizards
  2 hound zombies (D:5)
  A hound skeleton (D:4)
  2 howler monkey zombies
  5 gnolls (D:7)
  10 adders
  An adder skeleton (D:4)
  3 dart slugs
  36 orcs
  3 bats
  12 endoplasms
  13 giant cockroaches
  13 hobgoblins
  7 quokkas
  9 ball pythons
  14 frilled lizards
  3 goblins
  15 kobolds
  A quokka skeleton (D:4)
  7 rats
274 creatures vanquished.

Vanquished Creatures (others)
  An unseen horror (D:11)
  An orc (D:5)
2 creatures vanquished.

Grand Total: 276 creatures vanquished

Notes
Turn   | Place    | Note
-------+----------+-------------------------------------------
     0 | D:1      | Holzbalken the Demonspawn Gladiator began the quest for the
                  | Orb.
     0 | D:1      | Reached XP level 1. HP: 16/16 MP: 1/1
     1 | D:1      | Noticed a large abomination
     2 | D:1      | Noticed a shadow dragon
     4 | D:1      | Noticed a tentacled monstrosity
     4 | D:1      | Noticed a tentacled monstrosity
    11 | D:1      | Noticed a red draconian
    13 | D:1      | Noticed a red draconian
    13 | D:1      | Noticed a large abomination
    15 | D:1      | Noticed an iron dragon
    15 | D:1      | Noticed an iron dragon
    17 | D:1      | Noticed an ice dragon
    17 | D:1      | Noticed an ice dragon
    21 | D:1      | Noticed a large abomination
   193 | D:1      | Reached skill level 3 in Axes
   406 | D:1      | Gained mutation: Your touch may inflict minor irresistible
                  | damage on your foes. [demonic ancestry]
   406 | D:1      | Reached XP level 2. HP: 20/22 MP: 2/2
   675 | D:1      | Found a faded altar of an unknown god.
  1110 | D:2      | Found an ornate altar of the Wu Jian Council.
  1130 | D:2      | Gained mutation: You are partially covered in sharp spines.
                  | [demonic ancestry]
  1130 | D:2      | Reached XP level 3. HP: 15/27 MP: 3/3
  1326 | D:2      | Reached skill level 4 in Axes
  1388 | D:2      | Gained mutation: Your touch may inflict irresistible damage
                  | on your foes. [demonic ancestry]
  1388 | D:2      | Reached XP level 4. HP: 32/33 MP: 4/4
  1539 | D:3      | Identified the +2 ring mail "Wurghoma" {Rampage rC+ rCorr
                  | SInv}
  1734 | D:3      | Noticed Sigmund
  1865 | D:3      | Found Raesiwev's Assorted Antiques.
  1918 | D:3      | Found Takkurirch's Assorted Antiques.
  1932 | D:3      | Found Joraup's Assorted Antiques.
  2017 | D:3      | Found Ebitinig's Weapon Boutique.
  2085 | D:3      | Noticed a phantom
  2109 | D:3      | Killed a phantom
  2110 | D:3      | Reached skill level 5 in Axes
  2110 | D:3      | Gained mutation: A meltable shield of frost defends you.
                  | (SH +4) [demonic ancestry]
  2110 | D:3      | Reached XP level 5. HP: 34/38 MP: 5/5
  2130 | D:3      | Found Ykluteh's Armour Shop.
  2248 | D:3      | Bought a brightly glowing chain mail for 180 gold pieces
  2248 | D:3      | Identified the +8 chain mail of Pleasant Breezes {rF+ MP-9
                  | Str+4 Stlth+} (You bought it in a shop on level 3 of the
                  | Dungeon)
  2339 | D:3      | Killed Sigmund
  2340 | D:3      | Reached skill level 6 in Axes
  2340 | D:3      | Reached XP level 6. HP: 30/44 MP: 0/6
  2757 | D:4      | Reached skill level 7 in Axes
  2843 | D:4      | Reached XP level 7. HP: 50/50 MP: 0/7
  2908 | D:4      | Noticed a +0 falchion
  2908 | D:4      | Noticed a +0 dagger
  2909 | D:4      | Noticed a +0 falchion
  2909 | D:4      | Noticed a +0 spear
  2909 | D:4      | Noticed a +0 dagger
  2909 | D:4      | Noticed a +0 short sword
  2910 | D:4      | Noticed a +0 short sword
  2912 | D:4      | Noticed a +0 spear
  2919 | D:4      | Found a hide-covered altar of Uskayaw.
  2952 | D:4      | Reached skill level 8 in Axes
  3310 | D:4      | Found a hazy altar of Hepliaklqana.
  3493 | D:5      | Entered Level 5 of the Dungeon
  3496 | D:5      | Found a sacrificial altar of Ru.
  3514 | D:5      | Reached skill level 9 in Axes
  3514 | D:5      | Reached XP level 8. HP: 24/56 MP: 0/8
  3903 | D:5      | Found a glowing drain.
  3920 | Sewer    | Entered a sewer
  4121 | Sewer    | Reached skill level 10 in Axes
  5009 | D:6      | Reached skill level 11 in Axes
  5731 | D:7      | Found a staircase to the Ecumenical Temple.
  5737 | D:7      | Gained mutation: Your touch may irresistibly damage your
                  | foes and sap their willpower. [demonic ancestry]
  5737 | D:7      | Reached XP level 9. HP: 53/61 MP: 0/9
  5743 | Temple   | Entered the Ecumenical Temple
  5863 | Temple   | Became a worshipper of Qazlal Stormbringer
  5963 | D:7      | Noticed a deep elf pyromancer
  5977 | D:7      | Killed a deep elf pyromancer
  6065 | D:7      | Reached skill level 12 in Axes
  6086 | D:7      | Found a blossoming altar of Fedhas.
  6752 | D:8      | Noticed Maurice
  6768 | D:8      | Killed Maurice
  6769 | D:8      | Reached skill level 1 in Shields
  6953 | D:8      | Found an ancient bone altar of Kikubaaqudgha.
  7509 | D:8      | Reached * piety under Qazlal
  7767 | D:3      | Bought the +0 mask of the Dragon {Will+ Slay+3 SInv} for
                  | 367 gold pieces
  7767 | D:3      | Found the +0 mask of the Dragon {Will+ Slay+3 SInv}
  7962 | D:9      | Noticed a rime drake
  7969 | D:9      | Killed a rime drake
  7970 | D:9      | Reached XP level 10. HP: 27/70 MP: 1/10
  8334 | D:9      | Reached skill level 13 in Axes
  8460 | D:9      | Found a staircase to the Lair.
  8652 | D:9      | Identified the +0 ring mail of the Slug {Int+6 Dex-3}
  8705 | D:9      | Noticed Psyche
  8705 | D:9      | Noticed Maggie
  8714 | D:9      | Killed Psyche
  8725 | D:9      | Killed Maggie
  8981 | D:10     | Entered Level 10 of the Dungeon
  9050 | D:10     | Reached ** piety under Qazlal
  9051 | D:10     | Reached skill level 5 in Fighting
  9292 | D:10     | Found Koalut's Distillery.
  9300 | D:10     | Bought a potion of curing for 36 gold pieces
  9300 | D:10     | Bought a potion of curing for 36 gold pieces
  9356 | D:10     | Noticed a sun demon
  9677 | D:10     | Noticed a two-headed ogre
  9702 | D:10     | Found a staircase to the Orcish Mines.
  9714 | D:10     | Reached skill level 14 in Axes
  9716 | D:10     | Killed a two-headed ogre
  9717 | D:10     | Gained mutation: You are mostly covered in sharp spines.
                  | [demonic ancestry]
  9717 | D:10     | Reached XP level 11. HP: 29/81 MP: 2/11
 10285 | D:11     | Noticed a two-headed ogre
 10297 | D:11     | Killed a two-headed ogre
 10298 | D:11     | Reached skill level 5 in Shields
 10927 | D:11     | Identified the +1 robe of the Stag {rF+}
 11043 | D:11     | Noticed a boulder beetle
 11051 | D:11     | Killed a boulder beetle
 11296 | D:11     | Found a hazy altar of Hepliaklqana.
 11367 | D:11     | Reached *** piety under Qazlal
 11650 | D:11     | Noticed a boulder beetle
 11667 | D:11     | Killed a boulder beetle
 12415 | D:12     | Noticed a boulder beetle
 12434 | D:12     | HP: 3/84 [boulder beetle (13)]
 12444 | D:12     | Killed a boulder beetle
 12445 | D:12     | Reached skill level 15 in Axes
 13002 | D:12     | Noticed a centaur warrior
 13009 | D:12     | Noticed a boulder beetle
 13014 | D:12     | HP: 3/84 [centaur warrior/arrow (16)]
 13016 | D:12     | Shot with an arrow by a centaur warrior

Illustrated notes

Levels and vault maps discovered:
D:1:      shiori_arrival_whats_in_store_for_you, layout_loops_ring,
          shapermc_ecumenical_altar_ellora
D:2:      layout_basic, basic_altar
D:3:      layout_basic, serial_shops, nicolae_shop_behind_doors,
          nicolae_shop_bloodbath_and_beyond, shop_coins, shop,
          nicolae_shop_hallway_plus, uniq_sigmund
D:4:      layout_basic, nicolae_uskayaw_en_pointe, marbit_many_paths,
          grunt_ministairs_4
D:5:      layout_basic, mainiacjoe_overflow_cross_hatched, portal_sewer_entry_b
D:6:      layout_gridville
D:7:      layout_basic, mainiacjoe_overflow_surrounded_room,
          minmay_temple_entry_glassed_door
D:8:      layout_cave_pods, lemuel_crystal_altar, kennysheep_generic_room_13,
          uniq_maurice
D:9:      layout_roguey, lair_entry_dummy, minmay_misc_feat_tiny, uniq_psyche,
          uniq_maggie
D:10:     layout_small_grid, erik_orc_1, serial_shops, shop
D:11:     layout_basic, serial_glass, glass_columns_a, glass_columns_b,
          glass_columns_a, glass_columns_b, glass_columns_a, glass_columns_b,
          nicolae_hepliaklqana_hippocampus
D:12:     layout_cave_pools, lightli_airlock
Temple:   bh_familiar_temple

Skill      XL: |  1  2  3  4  5  6  7  8  9 10 11 |
---------------+----------------------------------+-----
Axes           | 3 4 5 6 7 9 11 12 14 15 | 15.2
Shields        | 2 4 6 |  6.6
Fighting       | 3 5 7 |  7.6
Throwing       | |  1.7
Dodging        | |  2.6

Action                   |  1- 3 |  4- 6 |  7- 9 | 10-12 || total
-------------------------+-------+-------+-------+-------++-------
Melee: War axe           |    51 |    76 |   253 |   261 ||   641
       Touch             |     5 |    10 |    31 |    64 ||   110
       Punch             |     1 |     1 |     3 |     4 ||     9
  Use: Scroll            |       |     7 |     5 |     5 ||    17
       Potion            |       |       |     1 |     2 ||     3
Armor: Leather armour    |     8 |       |       |       ||     8
       Chain mail        |     7 |    22 |   134 |    99 ||   262
       Ring mail         |       |    11 |       |       ||    11
Dodge: Dodged            |    39 |    30 |    98 |    64 ||   231
Block: Other             |       |     6 |    57 |    85 ||   148
